 Dungeon Crawl Stone Soup version 0.30.1-3-gfc49f6343a (webtiles) character file.

Game seed: 8265316584676352250

44 GeoRichter the Chopper (level 3, -8/31 HPs)
             Began as a Hill Orc Warper on July 23, 2023.
             Mangled by a gnoll
             ... wielding a +0 flail
              (10 damage)
             ... on level 1 of the Dungeon.
             The game lasted 00:01:52 (1280 turns).

GeoRichter the Chopper (Hill Orc Warper)            Turns: 1280, Time: 00:01:53

Health: -8/31      AC:  8    Str: 15    XL:     3   Next: 62%
Magic:  1/1        EV:  7    Int: 13    God:
Gold:   97         SH:  0    Dex: 10    Spells: 5/5 levels left

rFire   . . .        f - +0 hand axe (antimagic)
rCold   . . .        (no shield)
rNeg    . . .        l - +0 chain mail
rPois   .            (no helmet)
rElec   .            (no cloak)
rCorr   .            (no gloves)
SInv    .            (no boots)
Will    .....        (no amulet) Stlth
                     (no ring)
HPRegen 0.25/turn    (no ring)
MPRegen 0.07/turn

%: no passive effects
@: no status effects
A: no striking features
a: no special abilities


You were on level 1 of the Dungeon.
You visited 1 branch of the dungeon, and saw 2 of its levels.

You collected 97 gold pieces.

Inventory:

Hand Weapons
 f - a +0 antimagic hand axe (weapon)
   (You found it on level 1 of the Dungeon)
Missiles
 d - 7 boomerangs of dispersal {!f}
 k - 4 poisoned darts (quivered)
Armour
 l - a +0 chain mail (worn)
   (You found it on level 2 of the Dungeon)
Jewellery
 b - an amulet of faith {!P}
   (You found it on level 2 of the Dungeon)
Scrolls
 c - a scroll of blinking
 e - 3 scrolls of vulnerability {unknown}
 h - 5 scrolls of identify {unknown}
 j - a scroll of fear {unknown}
 m - a scroll of enchant armour {unknown}
Potions
 a - 3 potions of might {unknown}
 g - a potion of haste {unknown}
 i - a potion of attraction {unknown}
 n - a potion of heal wounds {unknown}


   Skills:
 + Level 3.1 Fighting
 * Level 4.1 Axes
 - Level 0.8 Throwing
 + Level 2.0 Armour
 - Level 1.5 Dodging
 - Level 1.5 Spellcasting
 - Level 2.4 Translocations


You had 5 spell levels left.
You didn't know any spells.
Your spell library contained the following spells:

 Spells                   Type           Power      Damage    Failure   Level
 Blink                    Tloc           14%        N/A       92%         2
 Lesser Beckoning         Tloc           14%        N/A       92%         2
 Teleport Other           Tloc           7%         N/A       99%         3
 Vhi's Electric Charge    Tloc/Air       8%         N/A       100%        3
 Manifold Assault         Tloc           7%         N/A       100%        4


Dungeon Overview and Level Annotations

Branches:
Dungeon (2/15) Zot: 10697

Altars:


Message History

The giant cockroach is severely wounded.
The giant cockroach bites you but does no damage.
You closely miss the giant cockroach.
The giant cockroach is severely wounded.
The giant cockroach bites you.
You hit the giant cockroach but do no damage.
The giant cockroach is severely wounded.
The giant cockroach barely misses you.
You hit the giant cockroach.
You kill the giant cockroach!
No target in view!
You see here a staff of death.
There is an open door here.
You see here a rat corpse.
You see here a rat corpse.
There is an open door here.
There is an open door, spattered with blood here.
You see here a jackal skeleton.
There is an open door here.
You open the door.
There is an open door here.
There is an open door here.
A gnoll is nearby!
A gnoll is nearby!
A gnoll is nearby!
A gnoll is nearby!
The gnoll shouts!
You hear a shout!
A gnoll comes into view. It is wielding a +0 flail.
The gnoll shouts!
The gnoll zaps a wand.
The roots erupt in riotous growth!
The grasping roots grab you! The grasping roots constrict you.
You escape the roots grasp.
The gnoll attacks as you move away! The gnoll hits you with a +0 flail!
There is a stone staircase leading up here.
The gnoll hits you with a +0 flail.
You climb upwards.
There is a stone staircase leading down here.
You closely miss the gnoll. The gnoll hits you with a +0 flail.
You barely miss the gnoll. The gnoll hits you but does no damage.
You closely miss the gnoll. The gnoll hits you with a +0 flail!
* * * LOW HITPOINT WARNING * * *
You barely miss the gnoll. The gnoll completely misses you.
You barely miss the gnoll. The gnoll barely misses you.
You hit the gnoll but do no damage. The gnoll barely misses you.
You barely miss the gnoll. The gnoll hits you with a +0 flail!
* * * LOW HITPOINT WARNING * * *
You closely miss the gnoll. The gnoll hits you with a +0 flail!
You die...

####.##
#..............# #
#.# ##............##
####.# ##..........##
.#...# ####.#######
...### #.# ...# #.#
...# #.#
...################.#
....)..........g@)..#
#####################


You could see a gnoll.

Vanquished Creatures
  A worm (D:2)
  A dart slug (D:1)
  A ball python (D:1)
  2 bats
  An endoplasm (D:1)
  4 giant cockroaches
  4 goblins (D:1)
  4 hobgoblins (D:1)
  5 jackals
  4 kobolds
  A quokka (D:1)
  4 frilled lizards
  2 rats
34 creatures vanquished.

Notes
Turn   | Place    | Note
-------+----------+-------------------------------------------
     0 | D:1      | GeoRichter the Hill Orc Warper began the quest for the Orb.
     0 | D:1      | Reached XP level 1. HP: 18/18 MP: 3/3
    54 | D:1      | Reached skill level 3 in Axes
    78 | D:1      | Reached XP level 2. HP: 16/25 MP: 1/4
   310 | D:1      | Reached XP level 3. HP: 27/31 MP: 1/5
   752 | D:1      | Reached skill level 4 in Axes
  1280 | D:1      | Mangled by a gnoll

Illustrated notes

Levels and vault maps discovered:
D:1:      zaba_arrival_water, layout_rooms
D:2:      layout_basic

Skill      XL: |  1  2  3 |
---------------+----------+-----
Axes           | 3 4 |  4.1
Fighting       | 3 |  3.1
Armour         | 2 |  2.0
Throwing       | |  0.8
Dodging        | |  1.5
Spellcasting   | |  1.5
Translocations | |  2.4

Action                     || total
---------------------------++-------
  Melee: Hand axe          ||   119
 Armour: Leather armour    ||    34
         Chain mail        ||    25
  Dodge: Dodged            ||    89
